 Dungeon Crawl Stone Soup version 0.23.1-37-gaa34b87 (webtiles) character file.

Game seed: 6861046798528599020

427 nuthulu the Skirmisher (level 6, -3/79 HPs)
             Began as a Demonspawn Berserker on Mar 23, 2019.
             Was a Believer of Trog.
             Slain by a phantom (10 damage)
             ... on level 4 of the Dungeon.
             The game lasted 00:06:19 (3350 turns).

nuthulu the Skirmisher (Demonspawn Berserker)       Turns: 3350, Time: 00:06:19

Health: -3/79      AC: -2    Str: 23    XL:     6   Next: 65%
Magic:  6/6        EV: 14    Int:  8    God:    Trog [**....]
Gold:   256        SH:  0    Dex: 19    Spells: 5/5 levels left

rFire    + . .     SeeInvis +   m - +0 war axe
rCold    . . .     Gourm    .   (no shield)
rNeg     . . .     Faith    .   l - +0 chain mail
rPois    .         Spirit   .   (no helmet)
rElec    .         Reflect  .   (no cloak)
rCorr    .         Harm     .   (no gloves)
MR       ++...                  b - +0 pair of boots
Stlth    ..........             (no amulet)
HPRegen  1.23/turn              o - ring of see invisible
MPRegen  0.10/turn              (no ring)

@: agile, berserking (expiring), corroded, regenerating, very quick
A: hooves 1, fire resistance 1, powered by pain 1, flame cloud immunity
a: Berserk, Trog's Hand, Renounce Religion


You were on level 4 of the Dungeon.
You worshipped Trog.
Trog was pleased with you.
You were very hungry.

You visited 1 branch of the dungeon, and saw 4 of its levels.

You collected 256 gold pieces.

Inventory:

Hand Weapons
 a - a +0 hand axe
 m - a +0 war axe (weapon)
Armour
 b - a +0 pair of boots (worn)
 l - a +0 chain mail (worn)
Jewellery
 o - a ring of see invisible (left hand)
Scrolls
 e - a scroll of remove curse
 h - 3 scrolls of magic mapping
 i - 3 scrolls of teleportation
Potions
 d - 3 potions of curing
 f - a potion of mutation
 g - a potion of lignification {unknown}
 j - 2 potions of degeneration {unknown}
 n - 2 potions of agility {unknown}
Comestibles
 c - 9 rations


   Skills:
 * Level 6.4 Fighting
 + Level 4.4 Axes
 - Level 1.7 Armour
 - Level 1.7 Dodging


You had 5 spell levels left.
You didn't know any spells.
Your spell library was empty.

Dungeon Overview and Level Annotations

Branches:
Dungeon (4/15)
 Temple: D:4-7

Altars:
Uskayaw
Wu Jian
The Shining One


Innate Abilities, Weirdness & Mutations

You have large cloven feet.
Your flesh is heat resistant. (rF+)
You sometimes gain a little power by taking damage.
You are immune to clouds of flame.


Message History

You hit the jelly.
Your hands burn!
* * * LOW HITPOINT WARNING * * *
The jelly is severely wounded.
The jelly hits you.
* * * LOW HITPOINT WARNING * * *
You are splashed with acid!
* * * LOW HITPOINT WARNING * * *
You slash the jelly!
You kill the jelly!
Trog accepts your kill.
Unknown command.
You barely miss the phantom. The phantom hits you.
* * * LOW HITPOINT WARNING * * *
You slash the phantom!
The phantom is moderately damaged.
You feel the effects of Trog's Hand fading.
Your chain mail prevents you from hitting the phantom.
The phantom is moderately damaged.
The phantom hits you!
You die...

#.<...###...........#######.#.
#.....# #..(..........#####.##
#.....# #..........##........#
####### #.......##..####......
#.>..#.## .. #.####.
#...##...# . #..#....
...###...## ...##.### ###
#...#### ### #..# #.#@...#
#<## #.#W##.# #.# #.#.# .# ..#
#.#.# .. .### ... ## ## ...
..... ..... .......


You could see a phantom.

Vanquished Creatures
  An ogre (D:4)
  A scorpion (D:4)
  A jelly (D:4)
  A centaur skeleton (D:4)
  Natasha (thrice) (D:2)
  An orc wizard (D:3)
  A worker ant (D:4)
  2 adders
  2 worms (D:2)
  2 dart slugs (D:1)
  2 leopard geckos
  7 orcs (D:3)
  2 ball pythons (D:1)
  4 giant cockroaches
  12 goblins
  5 hobgoblins
  7 jackals (D:2)
  3 kobolds (D:1)
  A quokka (D:2)
  9 bats
  7 frilled lizards
  6 rats
80 creatures vanquished.

Notes
Turn   | Place    | Note
-------+----------+-------------------------------------------
     0 | D:1      | nuthulu the Demonspawn Berserker began the quest for the
                  | Orb.
     0 | D:1      | Reached XP level 1. HP: 18/18 MP: 1/1
   271 | D:1      | Gained mutation: You sometimes gain a little power by
                  | taking damage. [demonic ancestry]
   271 | D:1      | Reached XP level 2. HP: 17/24 MP: 2/2
   511 | D:1      | Reached ** piety under Trog
   562 | D:1      | Reached XP level 3. HP: 22/30 MP: 3/3
   814 | D:1      | Reached skill level 4 in Fighting
  1294 | D:2      | Found a glowing golden altar of the Shining One.
  1294 | D:2      | Found a hide-covered altar of Uskayaw.
  1295 | D:2      | Found an ornate altar of the Wu Jian Council.
  1488 | D:2      | Noticed Natasha
  1529 | D:2      | Killed Natasha
  1529 | D:2      | Gained mutation: You have large cloven feet. [demonic
                  | ancestry]
  1529 | D:2      | Reached XP level 4. HP: 18/38 MP: 4/4
  1573 | D:2      | Noticed Natasha
  1581 | D:2      | HP: 2/57 [Natasha (8)]
  1583 | D:2      | Killed Natasha
  1864 | D:2      | Noticed Natasha
  1871 | D:2      | Killed Natasha
  1871 | D:2      | Reached skill level 5 in Fighting
  1871 | D:2      | Gained mutation: Your flesh is heat resistant. (rF+)
                  | [demonic ancestry]
  1871 | D:2      | Reached XP level 5. HP: 33/44 MP: 5/5
  3096 | D:4      | Noticed an ogre
  3111 | D:4      | Killed an ogre
  3111 | D:4      | Reached skill level 6 in Fighting
  3111 | D:4      | Gained mutation: You are immune to clouds of flame.
                  | [demonic ancestry]
  3111 | D:4      | Reached XP level 6. HP: 52/52 MP: 6/6
  3350 | D:4      | Slain by a phantom

Skill      XL: |  1  2  3  4  5 |
---------------+----------------+-----
Axes           | 3 4 |  4.4
Fighting       | 4 5 6 |  6.4
Armour         | |  1.7
Dodging        | |  1.7

Action                   |  1- 3 |  4- 6 || total
-------------------------+-------+-------++-------
Melee: Hand axe          |   131 |    98 ||   229
       War axe           |       |    38 ||    38
Invok: Berserk           |       |     3 ||     3
       Trog's Hand       |       |     2 ||     2
  Use: Scroll            |     4 |     5 ||     9
  Eat: Chunk             |     2 |     8 ||    10
Armor: Ring mail         |    71 |     6 ||    77
       Animal skin       |     1 |       ||     1
       Chain mail        |       |    60 ||    60
Dodge: Dodged            |   105 |    75 ||   180
